 Dungeon Crawl Stone Soup version 0.30-a0-223-gcb0039aa0c (webtiles) character file.

Game seed: 6968647202544265699

749 qw the Chopper (level 7, -3/43 HPs)
             Began as a Gargoyle Fighter on Oct 9, 2022.
             Slain by an ogre
             ... wielding a +0 giant spiked club
              (10 damage)
             ... on level 5 of the Dungeon.
             The game lasted 00:01:47 (4346 turns).

qw the Chopper (Gargoyle Fighter)                   Turns: 4346, Time: 00:01:48

Health: -3/43      AC: 13    Str: 22    XL:     7   Next: 77%
Magic:  7/7        EV:  6    Int:  8    God:
Gold:   199        SH:  8    Dex:  9    Spells: 6/6 levels left

rFire   + . .      SeeInvis .    Y - +1 war axe
rCold   . . .      Faith    .    m - +0 kite shield
rNeg    + . .      Spirit   .    i - +0 chain mail
rPois   inf        Reflect  .    (no helmet)
rElec   +          Harm     .    (no cloak)
rCorr   .          Rampage  .    (no gloves)
Will    .....                    (no boots)
Stlth   ..........               (no amulet)
HPRegen 0.27/turn                j - ring of protection from fire
MPRegen 0.10/turn                (no ring)

@: about to teleport
A: sickness immunity, AC +4, negative energy resistance 1, electricity
resistance, torment resistance 1, petrification resistance
a: no special abilities


You were on level 5 of the Dungeon.
You visited 1 branch of the dungeon, and saw 5 of its levels.

You collected 199 gold pieces.


Innate Abilities, Weirdness & Mutations

You are immune to sickness and miasma.
Your stone body is resilient. (AC +4)
You are immune to poison.
You resist negative energy. (rN+)
You are resistant to electric shocks. (rElec)
You are resistant to unholy torment.
You are immune to petrification.


   Skills:
 - Level 4.1 Fighting
 - Level 6.1 Axes
 - Level 3.2 Armour
 - Level 2.1 Dodging
 + Level 5.3 Shields


You had 6 spell levels left.
You didn't know any spells.
Your spell library was empty.

Inventory:

Hand Weapons
 k - a +2 flail of protection
 Y - a +1 war axe (weapon)
Armour
 i - a +0 chain mail (worn)
 m - a +0 kite shield (worn)
Jewellery
 j - a ring of protection from fire (left hand)
 q - a ring of ice
Scrolls
 e - a scroll of identify
 p - a scroll of enchant armour
Potions
 a - a potion of lignification
 c - a potion of mutation {unknown}
 d - a potion of might
 f - a potion of attraction
 g - a potion of haste
 h - a potion of cancellation {unknown}
 o - a potion of brilliance {unknown}

Dungeon Overview and Level Annotations

Branches:
Dungeon (5/15)
 Temple: D:4-7

Altars:
Gozag

Annotations:
D:2 1 runed translucent door, Crazy Yiuf


Message History

You block the phantom's attack.
You miss the phantom.
The phantom is heavily damaged.
The phantom hits you.
The phantom blinks!
You blink.
The phantom hits you but does no damage.
You slash the phantom!
The phantom is almost destroyed.
The phantom hits you but does no damage.
You closely miss the phantom.
The phantom is almost destroyed.
You block the phantom's attack. The phantom hits you.
You slash the phantom!
You destroy the phantom!
You start resting.
HP restored.
A hound and an ogre come into view.
The hound barks!
You slash the hound!
The hound is severely wounded.
The hound bites you but does no damage. x2
You hit the hound.
The hound is severely wounded.
The hound barely misses you. You block the hound's attack.
The ogre hits you with a +0 giant spiked club!
You hit the hound.
You kill the hound!
You closely miss the ogre. The ogre hits you but does no damage.
Your Axes skill increases to level 6!
You slash the ogre!
The ogre is heavily wounded.
You slash the ogre!
The ogre is almost dead.
The ogre hits you with a +0 giant spiked club!!
Ouch! That really hurt!
4346 ||| READING scroll of teleportation.
As you read the scroll of teleportation, it crumbles to dust.
You feel strangely unstable.
The ogre hits you with a +0 giant spiked club!
You die...

#........##########.
##........#
..........#
#.........#
#.#####.### . #..##
##..# ##.#########
#..@.......
####O...... .......
#####.. .


You could see an ogre.

Vanquished Creatures
  Menkaure (D:4)
  An ogre (D:4)
  A phantom (D:5)
  2 scorpions (D:4)
  A hound (D:5)
  A jelly (D:4)
  Terence (D:2)
  Jessica (D:2)
  2 iguanas
  An orc wizard (D:3)
  8 adders
  2 worms
  3 dart slugs
  7 orcs
  6 endoplasms
  4 giant cockroaches
  3 goblins
  6 hobgoblins
  3 jackals (D:3)
  3 quokkas
  9 ball pythons
  5 bats
  5 frilled lizards
  9 kobolds
  7 rats
92 creatures vanquished.

Vanquished Creatures (others)
  9 plants (D:1)
9 creatures vanquished.

Grand Total: 101 creatures vanquished

Notes
Turn   | Place    | Note
-------+----------+-------------------------------------------
     0 | D:1      | qw the Gargoyle Fighter began the quest for the Orb.
     0 | D:1      | Reached XP level 1. HP: 14/14 MP: 1/1
     0 | D:1      | 0 ||| qw: Version: 0.2-a-17-g06abaee
     0 | D:1      | 0 ||| qw: Game counter: 2107
     0 | D:1      | 0 ||| qw: Always use a shield: true
     0 | D:1      | 0 ||| qw: God list: Okawaru
     0 | D:1      | 0 ||| qw: Allow faded altars: false
     0 | D:1      | 0 ||| qw: Do Orc after D:15 true
     0 | D:1      | 0 ||| qw: Do second Lair branch before Depths: true
     0 | D:1      | 0 ||| qw: Lair rune preference: random
     0 | D:1      | 0 ||| qw: Plans: Normal, Zot:1-4, God:TSO, Crypt, Tomb,
                  | Pan, Slime:5, Hells, Abyss, Orb
     0 | D:1      | 0 ||| PLANNING D:1-11
    43 | D:1      | Reached skill level 2 in Axes
    73 | D:1      | 73 ||| Stepping ~*~*~tactically~*~*~ (hiding).
   112 | D:1      | 112 ||| Stepping ~*~*~tactically~*~*~ (stealth).
   119 | D:1      | 119 ||| Stepping ~*~*~tactically~*~*~ (stealth).
   132 | D:1      | Reached XP level 2. HP: 19/19 MP: 2/2
   361 | D:1      | Reached skill level 3 in Axes
   391 | D:1      | Found a faded altar of an unknown god.
   393 | D:1      | 393 ||| Stepping ~*~*~tactically~*~*~ (stealth).
   397 | D:1      | Reached XP level 3. HP: 23/23 MP: 3/3
   476 | D:1      | 476 ||| Stepping ~*~*~tactically~*~*~ (stealth).
   477 | D:1      | 477 ||| Stepping ~*~*~tactically~*~*~ (stealth).
   817 | D:1      | 817 ||| Stepping ~*~*~tactically~*~*~ (stealth).
   824 | D:1      | 824 ||| Stepping ~*~*~tactically~*~*~ (stealth).
  1037 | D:1      | 1037 ||| READING scroll labelled ULUAT KUOFENO.
  1038 | D:1      | 1038 ||| READING scroll labelled ROKEESE IWIO.
  1039 | D:1      | 1039 ||| READING scroll labelled VUDDAS OCUR.
  1043 | D:1      | 1043 ||| READING scroll labelled YNIZATS MAFOAG.
  1044 | D:1      | 1044 ||| READING scroll labelled KUPEKO EKYFEO.
  1172 | D:2      | 1172 ||| Stepping ~*~*~tactically~*~*~ (stealth).
  1221 | D:2      | Noticed Jessica
  1228 | D:2      | HP: 1/23 [constriction (6)]
  1229 | D:2      | Killed Jessica
  1230 | D:2      | Reached skill level 4 in Axes
  1230 | D:2      | Reached XP level 4. HP: 2/28 MP: 4/4
  1230 | D:2      | 1230 ||| FLEEEEING.
  1232 | D:2      | 1232 ||| FLEEEEING.
  1233 | D:2      | 1233 ||| FLEEEEING.
  1235 | D:2      | 1235 ||| FLEEEEING.
  1236 | D:2      | 1236 ||| FLEEEEING.
  1237 | D:2      | 1237 ||| FLEEEEING.
  1239 | D:2      | 1239 ||| FLEEEEING.
  1240 | D:2      | 1240 ||| FLEEEEING.
  1242 | D:2      | 1242 ||| FLEEEEING.
  1243 | D:2      | 1243 ||| FLEEEEING.
  1244 | D:2      | 1244 ||| FLEEEEING.
  1245 | D:2      | 1245 ||| FLEEEEING.
  1246 | D:2      | 1246 ||| FLEEEEING.
  1247 | D:2      | 1247 ||| FLEEEEING.
  1252 | D:2      | 1252 ||| FLEEEEING.
  1253 | D:2      | 1253 ||| FLEEEEING.
  1254 | D:2      | 1254 ||| FLEEEEING.
  1255 | D:2      | 1255 ||| FLEEEEING.
  1256 | D:2      | 1256 ||| FLEEEEING.
  1260 | D:2      | 1260 ||| FLEEEEING.
  1261 | D:2      | 1261 ||| FLEEEEING.
  1262 | D:2      | 1262 ||| FLEEEEING.
  1266 | D:2      | 1266 ||| FLEEEEING.
  1267 | D:2      | 1267 ||| FLEEEEING.
  1268 | D:2      | 1268 ||| FLEEEEING.
  1272 | D:2      | 1272 ||| FLEEEEING.
  1273 | D:2      | 1273 ||| FLEEEEING.
  1274 | D:2      | 1274 ||| FLEEEEING.
  1275 | D:2      | 1275 ||| FLEEEEING.
  1276 | D:2      | 1276 ||| FLEEEEING.
  1277 | D:2      | 1277 ||| FLEEEEING.
  1281 | D:2      | 1281 ||| FLEEEEING.
  1282 | D:2      | 1282 ||| FLEEEEING.
  1283 | D:2      | 1283 ||| FLEEEEING.
  1284 | D:2      | 1284 ||| FLEEEEING.
  1285 | D:2      | 1285 ||| FLEEEEING.
  1286 | D:2      | 1286 ||| FLEEEEING.
  1290 | D:2      | 1290 ||| FLEEEEING.
  1291 | D:2      | 1291 ||| FLEEEEING.
  1292 | D:2      | 1292 ||| FLEEEEING.
  1293 | D:2      | 1293 ||| FLEEEEING.
  1294 | D:2      | 1294 ||| FLEEEEING.
  1295 | D:2      | 1295 ||| FLEEEEING.
  1296 | D:2      | 1296 ||| FLEEEEING.
  1297 | D:2      | 1297 ||| FLEEEEING.
  1298 | D:2      | 1298 ||| FLEEEEING.
  1299 | D:2      | 1299 ||| FLEEEEING.
  1300 | D:2      | 1300 ||| FLEEEEING.
  1304 | D:2      | 1304 ||| FLEEEEING.
  1305 | D:2      | 1305 ||| FLEEEEING.
  1306 | D:2      | 1306 ||| FLEEEEING.
  1307 | D:2      | 1307 ||| FLEEEEING.
  1308 | D:2      | 1308 ||| FLEEEEING.
  1309 | D:2      | 1309 ||| FLEEEEING.
  1310 | D:2      | 1310 ||| FLEEEEING.
  1314 | D:2      | 1314 ||| FLEEEEING.
  1315 | D:2      | 1315 ||| FLEEEEING.
  1316 | D:2      | 1316 ||| FLEEEEING.
  1317 | D:2      | 1317 ||| FLEEEEING.
  1318 | D:2      | 1318 ||| FLEEEEING.
  1319 | D:2      | 1319 ||| FLEEEEING.
  1323 | D:2      | 1323 ||| FLEEEEING.
  1324 | D:2      | 1324 ||| FLEEEEING.
  1325 | D:2      | 1325 ||| FLEEEEING.
  1326 | D:2      | 1326 ||| FLEEEEING.
  1327 | D:2      | 1327 ||| FLEEEEING.
  1570 | D:2      | 1570 ||| Stepping ~*~*~tactically~*~*~ (hiding).
  1696 | D:2      | Noticed Terence
  1717 | D:2      | Killed Terence
  1718 | D:2      | Reached XP level 5. HP: 26/32 MP: 5/5
  1986 | D:2      | Found a runed translucent door.
  1987 | D:2      | Noticed Crazy Yiuf
  2132 | D:2      | 2132 ||| UPGRADING to ring of protection from fire.
  2133 | D:2      | 2133 ||| READING scroll labelled CETHEARUI.
  2134 | D:2      | 2134 ||| READING scroll labelled VANOCV HOISAIG.
  2135 | D:2      | 2135 ||| DRINKING 2 murky inky potions.
  2404 | D:3      | Reached skill level 5 in Axes
  2409 | D:3      | 2409 ||| Stepping ~*~*~tactically~*~*~ (stealth).
  3048 | D:3      | Found an opulent altar of Gozag.
  3399 | D:3      | 3399 ||| UPGRADING to +0 kite shield.
  3409 | D:3      | 3409 ||| DROPPING +0 buckler.
  3410 | D:3      | 3410 ||| READING 2 scrolls labelled RATOMO BASS.
  3411 | D:3      | 3411 ||| READING scroll labelled LIETYNE NOUMY.
  3412 | D:3      | 3412 ||| READING scroll labelled ZOUKHUOXKY.
  3413 | D:3      | 3413 ||| READING 3 scrolls of identify.
  3413 | D:3      | 3413 ||| IDENTIFYING glowing ruby potion
  3414 | D:3      | 3414 ||| READING 2 scrolls of identify.
  3414 | D:3      | 3414 ||| IDENTIFYING sedimented ruby potion
  3415 | D:3      | 3415 ||| DROPPING scroll of noise.
  3468 | D:4      | Reached XP level 6. HP: 27/38 MP: 6/6
  3468 | D:4      | 3468 ||| STAIRDANCE
  3533 | D:4      | 3533 ||| Stepping ~*~*~tactically~*~*~ (stealth).
  3578 | D:4      | 3578 ||| DROPPING +0 flail.
  3579 | D:4      | 3579 ||| DROPPING +0 whip.
  4022 | D:4      | Noticed Menkaure
  4024 | D:4      | 4024 ||| Stepping ~*~*~tactically~*~*~ (hiding).
  4028 | D:4      | Killed Menkaure
  4029 | D:4      | Reached XP level 7. HP: 34/43 MP: 7/7
  4259 | D:4      | 4259 ||| UPGRADING to +0 chain mail.
  4269 | D:4      | 4269 ||| DROPPING +0 scale mail.
  4270 | D:4      | 4270 ||| READING scroll labelled XECEWY XUDEI.
  4300 | D:5      | Entered Level 5 of the Dungeon
  4344 | D:5      | Reached skill level 6 in Axes
  4345 | D:5      | HP: 7/43 [ogre/+0 giant spiked club (24)]
  4346 | D:5      | 4346 ||| READING scroll of teleportation.
  4346 | D:5      | Slain by an ogre

Levels and vault maps discovered:
D:1:      kennysheep_arrival_seaside, layout_basic, serial_forest,
          infiniplex_forest_end_3, infiniplex_forest_clump_small,
          infiniplex_forest_end_1, infiniplex_forest_lined_corner,
          infiniplex_forest_lined_room_2, infiniplex_forest_lined_room_,
          infiniplex_forest_straight_2, nicolae_ecumenical_snake_handling,
          lexackson_kobold_supper
D:2:      layout_basic, uniq_crazy_yiuf_cottage, uniq_jessica, uniq_terence
D:3:      layout_basic, mainiacjoe_overflow_surrounded_room,
          columned_hall_lemuel
D:4:      layout_loops_cross, uniq_menkaure
D:5:      layout_basic, serial_shops, shop

Skill      XL: |  1  2  3  4  5  6  7 |
---------------+----------------------+-----
Axes           | 2 3 4 5 6 |  6.1
Fighting       | 4 |  4.1
Shields        | 5 |  5.3
Dodging        | 2 |  2.1
Armour         | |  3.2

Action                   |  1- 3 |  4- 6 |  7- 9 || total
-------------------------+-------+-------+-------++-------
Melee: War axe           |   106 |   198 |    22 ||   326
  Use: Scroll            |     5 |     7 |     2 ||    14
       Potion            |       |     1 |       ||     1
Armor: Scale mail        |    56 |    92 |     4 ||   152
       Chain mail        |       |       |     5 ||     5
Dodge: Dodged            |    42 |    84 |     5 ||   131
Block: Buckler           |    19 |    24 |       ||    43
       Kite shield       |       |    30 |     6 ||    36

Table legend:
 A = Non-vault XP
 B = Vault XP
 C = Vault XP percentage of total XP
 D = Non-vault monster count
 E = Vault monster count
 F = Vault count percentage of total count
                 A         B        C        D         E       F
            +---------+---------+-------+---------+---------+-------
      Total |     814 |     256 |  23.9 |      78 |      14 |  15.2
            +---------+---------+-------+---------+---------+-------
        D:1 |      47 |      16 |  25.4 |      28 |      11 |  28.2
        D:2 |      47 |      75 |  61.5 |      10 |       2 |  16.7
        D:3 |     118 |       0 |   0.0 |      20 |       0 |   0.0
        D:4 |     415 |     165 |  28.4 |      17 |       1 |   5.6
        D:5 |     187 |       0 |   0.0 |       3 |       0 |   0.0
            +---------+---------+-------+---------+---------+-------
